 Dungeon Crawl Stone Soup version 0.22-a0-265-g0d8bc90 (webtiles) character file.

3689 Kidiri the Thaumaturge (level 9, -4/45 HPs)
             Began as a Deep Elf Fire Elementalist on Mar 6, 2018.
             Was a Follower of Vehumet.
             Killed by divine providence
             ... invoked by an orc priest
              (17 damage)
             ... on level 8 of the Dungeon.
             The game lasted 00:31:10 (9752 turns).

Kidiri the Thaumaturge (Deep Elf Fire Elementalist) Turns: 9752, Time: 00:31:11

Health: -4/45      AC:  5    Str:  5    XL:     9   Next: 90%
Magic:  2/25       EV: 15    Int: 24    God:    Vehumet [*.....]
Gold:   492        SH:  0    Dex: 15    Spells: 10/29 levels left

rFire    x . .     SeeInvis +   v - +3 dagger (curse)
rCold    . . .     Gourm    .   (no shield)
rNeg     . . .     Faith    .   j - +1 robe
rPois    +         Spirit   .   (no helmet)
rElec    .         Reflect  .   (no cloak)
rCorr    .         Harm     .   f - +1 pair of gloves
MR       +++..                  (no boots)
Stlth    +++.......             (no amulet)
HPRegen  0.15/turn              i - ring "Icait" {rPois rF- MR+++ SInv Stlth+}
MPRegen  0.19/turn              (no ring)

@: about to teleport, very slightly contaminated
A: frail 1, sense surroundings 1, evolution 1
a: Renounce Religion


You were on level 8 of the Dungeon.
You worshipped Vehumet.
Vehumet was aware of your devotion.
You were not hungry.

You visited 2 branches of the dungeon, and saw 9 of its levels.

You collected 492 gold pieces.

Inventory:

Hand Weapons
 v - a cursed +3 dagger (weapon)
 w - a +2 vampiric dagger
Armour
 f - a +1 pair of gloves (worn)
 j - a +1 robe (worn)
Jewellery
 i - the ring "Icait" (left hand) {rPois rF- MR+++ SInv Stlth+}
   (You acquired it on level 8 of the Dungeon)

   [ring of stealth]

   It makes you vulnerable to fire.
   It protects you from poison.
   It affects your resistance to hostile enchantments.
   It lets you see invisible.
   It makes you more stealthy.
Wands
 p - a wand of enslavement (18)
 u - a wand of polymorph (8)
 x - a wand of acid (7)
Scrolls
 d - 3 scrolls of amnesia
 l - a scroll of blinking
 n - a scroll of teleportation
Potions
 b - a potion of lignification
 e - 3 potions of heal wounds
 g - a potion of curing
 h - a potion of berserk rage
 k - a potion of degeneration {unknown}
 m - a potion of cancellation {unknown}
 o - a potion of brilliance {unknown}
 r - a potion of flight {unknown}
Comestibles
 a - 4 chunks of flesh
 c - 11 rations


   Skills:
 + Level 3.3 Fighting
 + Level 4.1 Short Blades
 + Level 3.2 Armour
 + Level 5.6 Dodging
 - Level 2.4 Stealth
 * Level 10.7 Spellcasting
 + Level 6.1 Conjurations
 + Level 7.0 Fire Magic
 + Level 1.1 Air Magic


You had 10 spell levels left.
You knew the following spells:

 Your Spells              Type           Power        Failure   Level  Hunger
a - Flame Tongue          Conj/Fire      #####        1%          1    None
b - Throw Flame           Conj/Fire      #####.       1%          2    None
c - Conjure Flame         Conj/Fire      #####...     1%          3    None
d - Inner Flame           Hex/Fire       ####....     3%          3    None
e - Sticky Flame          Conj/Fire      #####...     3%          4    None
f - Fireball              Conj/Fire      #####.....   9%          5    ####...
g - Shock                 Conj/Air       ####         1%          1    None


Dungeon Overview and Level Annotations

Branches:
Dungeon (8/15)             Temple (1/1) D:6            Lair (0/6) D:8

Altars:
Ashenzari
Dithmenos
Elyvilon
Fedhas
Gozag
Hepliaklqana
Makhleb
Okawaru
Qazlal
Ru
Sif Muna
Trog
Uskayaw
Vehumet
Wu Jian
Xom
Yredelemnul
Zin
The Shining One

Shops:
D:7 ?   D:8 }

Annotations:
D:8 Erica; emperorscorpion's ghost, novice DDBe


Innate Abilities, Weirdness & Mutations

You are frail. (-10% HP)
You passively map a small area around you.
You evolve.


Message History

Casting: Flame Tongue (safe; 1% risk of failure)
Confirm with . or Enter, or press ? or * to list all spells.
Aiming: Flame Tongue (safe; 1% risk of failure)
Press: ? - help, Shift-Dir - straight line, f - orc priest
Aim: an orc priest, wielding a war axe The flame tongue misses the orc priest.
The crimson imp shouts!
The crimson imp closely misses you.
Casting: Flame Tongue (safe; 1% risk of failure)
Confirm with . or Enter, or press ? or * to list all spells.
Aiming: Flame Tongue (safe; 1% risk of failure)
Press: ? - help, Shift-Dir - straight line, f/p - orc priest
Aim: an orc priest, wielding a war axe The flame tongue hits the orc priest.
The orc priest is severely wounded.
The crimson imp spits at you. The crimson imp closely misses you.
The orc priest mumbles some strange prayers to Beogh against you.
Beogh smites you!
You die...

,, , ####.. , , ......
##### , * , ,..W...
....# #############.....
....#*
,#...........#.....
....# , *
#.....h.W..W'.#...
......,
,,#.....h.....#.#...
......
+######5..#####...#.....
....#. * ..o..o.@..#
#...#..... ......
.....F....# #...#.....
...... .oO......$#
#...#..... ....[.
..######### #...#####.
,. #.... #. , , , #. * ,
* ,, , ,#. , , * * #( ,
, #.


You could see a warg, an ogre, a bullfrog, a hound, an orc priest,
emperorscorpion's ghost, a crimson imp and 2 orcs.

Vanquished Creatures
  Pikel (D:6)
  A hippogriff (D:7)
  A warg (D:8)
  3 orc warriors
  4 slaves (D:6)
  2 ice beasts
  2 phantoms
  A hornet zombie (D:4)
  A necrophage (D:5)
  3 centaurs
  3 big kobolds (D:3)
  Blork the orc (D:6)
  9 wights
  4 howler monkeys
  2 jellies
  A crimson imp (D:7)
  2 bullfrog skeletons
  A centaur skeleton (D:5)
  3 orc priests
  5 hounds
  3 iguanas
  4 orc wizards
  6 worker ants
  A hound zombie (D:5)
  A howler monkey zombie (D:6)
  4 gnolls (D:3)
  10 adders
  2 shadow imps
  2 oozes
  An adder zombie (D:7)
  2 worms
  6 leopard geckos
  22 orcs
  2 ball pythons (D:2)
  2 giant cockroaches
  24 goblins
  29 hobgoblins
  10 jackals
  3 kobolds
  2 quokkas
  7 bats
  6 frilled lizards
  5 rats
204 creatures vanquished.

Vanquished Creatures (collateral kills)
  A crimson imp (D:5)
1 creature vanquished.

Vanquished Creatures (others)
  A crimson imp (D:5)
1 creature vanquished.

Grand Total: 206 creatures vanquished

Notes
Turn   | Place    | Note
-------+----------+-------------------------------------------
     0 | D:1      | Kidiri the Deep Elf Fire Elementalist began the quest for the Orb.
     0 | D:1      | Reached XP level 1. HP: 10/10 MP: 6/6
   207 | D:1      | Reached XP level 2. HP: 15/15 MP: 5/8
   284 | D:1      | Learned a level 2 spell: Throw Flame
   773 | D:2      | Reached skill level 4 in Spellcasting
   773 | D:2      | Reached XP level 3. HP: 19/19 MP: 4/10
   785 | D:2      | Learned a level 3 spell: Conjure Flame
   789 | D:2      | Learned a level 3 spell: Inner Flame
  1725 | D:2      | Reached XP level 4. HP: 24/24 MP: 9/12
  2307 | D:3      | Found a blossoming altar of Fedhas.
  2322 | D:3      | Found a shimmering altar of Xom.
  2332 | D:3      | Reached skill level 5 in Spellcasting
  2537 | D:3      | Learned a level 4 spell: Sticky Flame
  3295 | D:3      | Reached XP level 5. HP: 28/28 MP: 12/14
  3614 | D:3      | Reached skill level 6 in Spellcasting
  3614 | D:3      | Reached XP level 6. HP: 31/32 MP: 1/17
  3781 | D:3      | Reached skill level 7 in Spellcasting
  3786 | D:3      | Reached skill level 5 in Fire Magic
  3940 | D:3      | Learned a level 5 spell: Fireball
  4174 | D:4      | Reached XP level 7. HP: 20/37 MP: 6/19
  4358 | D:4      | Found a hazy altar of Hepliaklqana.
  4578 | D:4      | Reached skill level 1 in Short Blades
  4841 | D:4      | Found a burning altar of Makhleb.
  4953 | D:4      | Reached skill level 1 in Fighting
  5197 | D:5      | Entered Level 5 of the Dungeon
  5201 | D:5      | Reached skill level 1 in Armour
  5385 | D:5      | Reached skill level 8 in Spellcasting
  5481 | D:5      | Found a shattered altar of Ashenzari.
  5679 | D:5      | Reached XP level 8. HP: 36/43 MP: 16/22
  6596 | D:5      | Noticed a hand axe
  6596 | D:5      | Noticed a hand axe
  6598 | D:5      | Found a hide-covered altar of Uskayaw.
  6743 | D:6      | Noticed Pikel
  6758 | D:6      | Killed Pikel
  6758 | D:6      | Reached skill level 9 in Spellcasting
  6758 | D:6      | Reached skill level 5 in Conjurations
  7065 | D:6      | Reached XP level 9. HP: 42/49 MP: 6/24
  7190 | D:6      | Found a staircase to the Ecumenical Temple.
  7197 | D:6      | Noticed Blork the orc
  7197 | Temple   | Entered the Ecumenical Temple
  7404 | D:6      | Killed Blork the orc
  7523 | D:6      | Found a radiant altar of Vehumet.
  7537 | D:6      | Became a worshipper of Vehumet
  8569 | D:7      | Reached skill level 5 in Dodging
  8569 | D:7      | Reached skill level 10 in Spellcasting
  8751 | D:7      | Found a glowing golden altar of the Shining One.
  8966 | D:7      | Gained mutation: You evolve. [potion of mutation]
  8966 | D:7      | Gained mutation: You are frail. (-10% HP) [potion of mutation]
  8966 | D:7      | Gained mutation: You passively map a small area around you. [potion of mutation]
  9011 | D:7      | Found Uvoetsur's Magic Scroll Shop.
  9045 | D:7      | Reached * piety under Vehumet
  9045 | D:7      | Offered knowledge of Shock by Vehumet.
  9048 | D:7      | Learned a level 1 spell: Shock
  9402 | D:8      | Noticed emperorscorpion's ghost (novice DDBe)
  9404 | D:8      | Found Fumept's Gadget Shop.
  9474 | D:8      | Noticed Erica
  9647 | D:8      | Identified a scroll of acquirement
  9648 | D:8      | Got a fine brass ring
  9651 | D:8      | Identified the ring "Icait" {rPois rF- MR+++ SInv Stlth+} (You acquired it on level 8 of the Dungeon)
  9692 | D:8      | Reached skill level 1 in Air Magic
  9703 | D:8      | Found a staircase to the Lair.
  9752 | D:8      | Killed from afar by an orc priest

Vault maps used:
D:1:      dpeg_arrival_arbitrary_b, minmay_hedge_maze
D:3:      minmay_goblin_kobold_castle, nicolae_overflow_crystal_walls,
          overflow_temple_1_default
D:4:      kennysheep_mini, old_standard_altar, serial_glass, glass_columns_b,
          glass_columns_b
D:5:      dancing_weapons_uskayaw, marbit_many_paths, first_ration
D:6:      old_standard_altar, minmay_temple_entry_crystal_x, uniq_blork_the_orc,
          uniq_pikel
D:7:      basic_altar, serial_shops, shop_scrolls
D:8:      kennysheep_blocky_hall, kennysheep_little_box,
          lemuel_coloured_pillars_altar, erik_lair_orcish_takeover,
          enter_ossuary_2, serial_shops, nicolae_shop_crystal, uniq_psyche,
          uniq_erica
Temple:   minmay_temple_bridge_abc

Skill      XL: |  1  2  3  4  5  6  7  8  9 |
---------------+----------------------------+-----
Spellcasting   | 4 5 6 7 8 9 10 | 10.7
Conjurations   | 2 3 4 5 6 |  6.1
Fire Magic     | 4 5 6 7 |  7.0
Short Blades   | 1 3 4 |  4.1
Dodging        | 3 4 5 |  5.6
Fighting       | 1 2 3 |  3.3
Armour         | 1 2 3 |  3.2
Air Magic      | 1 |  1.1
Stealth        | |  2.4

Action                   |  1- 3 |  4- 6 |  7- 9 || total
-------------------------+-------+-------+-------++-------
Melee: Dagger            |     6 |     2 |    51 ||    59
 Cast: Flame Tongue      |    60 |    88 |   227 ||   375
       Throw Flame       |       |    26 |    48 ||    74
       Conjure Flame     |       |     2 |     4 ||     6
       Inner Flame       |       |     1 |     2 ||     3
       Sticky Flame      |       |     1 |    11 ||    12
       Fireball          |       |       |     2 ||     2
       Shock             |       |       |     4 ||     4
Evoke: Wand              |       |       |     4 ||     4
  Use: Potion            |     1 |       |     4 ||     5
       Scroll            |       |     5 |    10 ||    15
 Stab: Sleeping          |     2 |     1 |     1 ||     4
  Eat: Chunk             |     2 |     8 |    14 ||    24
       Ration            |       |       |     1 ||     1
Armor: Robe              |     4 |     9 |    27 ||    40
Dodge: Dodged            |    20 |    36 |   131 ||   187

Table legend:
 A = Spawn XP
 B = Non-spawn XP
 C = Spawn XP percentage of total XP
 D = Spawn monster count
 E = Non-spawn monster count
 F = Spawn count percentage of total count
 G = Total turns spent on level
                    A         B        C        D         E        F      G
               +---------+---------+-------+---------+---------+-------+---------
         Total |       0 |    5271 |   0.0 |       0 |     201 |   0.0 |  9752
               +---------+---------+-------+---------+---------+-------+---------
           D:1 |       0 |      26 |   0.0 |       0 |      16 |   0.0 |   753
           D:2 |       0 |      99 |   0.0 |       0 |      19 |   0.0 |  1595
           D:3 |       0 |     475 |   0.0 |       0 |      67 |   0.0 |  1776
           D:4 |       0 |     477 |   0.0 |       0 |      19 |   0.0 |  1174
           D:5 |       0 |     776 |   0.0 |       0 |      23 |   0.0 |  1447
           D:6 |       0 |    1540 |   0.0 |       0 |      17 |   0.0 |  1407
           D:7 |       0 |    1251 |   0.0 |       0 |      29 |   0.0 |  1279
           D:8 |       0 |     627 |   0.0 |       0 |      11 |   0.0 |   129
               +---------+---------+-------+---------+---------+-------+---------
